 Dungeon Crawl Stone Soup version 0.23-a0-650-ga4d50d4 (webtiles) character file.

3172 MalarOregon the Chiller (level 9, 0/69 HPs)
             Began as a Merfolk Ice Elementalist on Jan 2, 2019.
             Was a Believer of Nemelex Xobeh.
             Shot with an arrow by a centaur (8 damage)
             ... on level 8 of the Dungeon.
             The game lasted 00:37:31 (10985 turns).

MalarOregon the Chiller (Merfolk Ice Elementalist) Turns: 10985, Time: 00:37:32

Health: 0/69       AC:  8    Str:  8    XL:     9   Next: 94%
Magic:  0/24       EV: 15    Int: 17    God:    Nemelex Xobeh [**....]
Gold:   440        SH:  0    Dex: 18    Spells: 2/16 levels left

rFire    . . .     SeeInvis .   b - staff of cold
rCold    + . .     Gourm    .   (no shield)
rNeg     . . .     Faith    .   d - +0 robe (curse)
rPois    .         Spirit   +   w - +1 helmet
rElec    .         Reflect  .   A - scarf {Spirit}
rCorr    .         Harm     .   n - +0 pair of gloves
MR       .....                  c - +2 pair of boots
Stlth    ++........             (no amulet)
HPRegen  0.21/turn              u - ring of magical power
MPRegen  0.19/turn              k - +3 ring of dexterity

@: no status effects
A: change form in water, swift swim, stealthy swim
a: Draw Escape, Draw Destruction, Draw Summoning, Renounce Religion


You were on level 8 of the Dungeon.
You worshipped Nemelex Xobeh.
Nemelex Xobeh was pleased with you.
You were not hungry.

You visited 2 branches of the dungeon, and saw 9 of its levels.

You collected 440 gold pieces.

Inventory:

Hand Weapons
 a - a +1 halberd
   (You took it off a gnoll on level 6 of the Dungeon)
 H - a +0 scythe
   (You took it off Sigmund on level 5 of the Dungeon)
Missiles
 x - 2 throwing nets (quivered) {!f}
Armour
 c - a +2 pair of boots (worn)
   (You found it on level 7 of the Dungeon)
 d - a cursed +0 robe (worn)
   (You found it on level 6 of the Dungeon)
 i - a +0 troll leather armour
   (You found it on level 7 of the Dungeon)
 n - a +0 pair of gloves (worn)
   (You found it on level 3 of the Dungeon)
 w - a +1 helmet (worn)
   (You found it on level 4 of the Dungeon)
 A - a scarf of spirit shield (worn)
   (You found it on level 5 of the Dungeon)
 E - a +4 scale mail of poison resistance
   (You took it off Duvessa on level 6 of the Dungeon)
 G - the +6 scale mail "Raboba" {Dex+6 Stlth-}
   (You found it on level 6 of the Dungeon)

   It affects your dexterity (+6).
   It makes you less stealthy.
Magical Staves
 b - an uncursed staff of cold (weapon)
   (You took it off an orc wizard on level 6 of the Dungeon)
Jewellery
 f - an uncursed ring of positive energy
   (You found it on level 1 of the Dungeon)
 g - an uncursed amulet of faith {unknown}
   (You found it on level 1 of the Dungeon)
 k - a +3 ring of dexterity (right hand)
   (You took it off a goblin on level 3 of the Dungeon)
 u - a ring of magical power (left hand)
   (You found it on level 4 of the Dungeon)
Scrolls
 h - 2 scrolls of enchant armour
 j - 2 scrolls of immolation {!r}
 l - a scroll of fog
 q - 2 scrolls of identify {@r1}
 B - 3 scrolls of fear
 D - 5 scrolls of teleportation {@r4}
Potions
 m - 3 potions of brilliance
 o - 3 potions of flight
 p - a potion of might
 t - a potion of magic
 v - 4 potions of curing {@q1}
 z - a potion of cancellation
Comestibles
 e - 12 rations {!d}
 r - 3 chunks of flesh


   Skills:
 + Level 5.7 Fighting
 + Level 5.6 Polearms
 + Level 3.9 Armour
 + Level 4.8 Dodging
 - Level 2.1 Stealth
 - Level 4.0 Spellcasting
 - Level 3.0 Conjurations
 - Level 1.0 Charms
 + Level 3.5 Summonings
 - Level 6.0 Ice Magic
 + Level 5.1 Invocations
 + Level 2.8 Evocations


You had 2 spell levels left.
You knew the following spells:

 Your Spells              Type           Power        Failure   Level  Hunger
a - Freeze                Ice            ####         1%          1    None
b - Ozocubu's Armour      Chrm/Ice       ###.....     11%         3    ###....
c - Throw Icicle          Conj/Ice       ####....     24%         4    ####...
d - Summon Ice Beast      Ice/Summ       ####....     22%         4    ####...
x - Throw Frost           Conj/Ice       ####..       3%          2    ##.....

Your spell library contained the following spells:

 Spells                   Type           Power        Failure   Level  Hunger
 Summon Small Mammal      Summ           ###.         3%          1    None
 Animate Skeleton         Necr           N/A          16%         1    None
 Apportation              Tloc           #.....       16%         1    None
 Confusing Touch          Hex            #.....       16%         1    None


Dungeon Overview and Level Annotations

Branches:
Dungeon (8/15)             Temple (1/1) D:4            Lair (0/6) D:8

Altars:
Ashenzari
Cheibriados
Dithmenos
Elyvilon
Fedhas
Gozag
Hepliaklqana
Kikubaaqudgha
Makhleb
Nemelex Xobeh
Okawaru
Qazlal
Ru
Sif Muna
Trog
Uskayaw
Vehumet
Wu Jian
Xom
Yredelemnul
Zin
The Shining One


Message History

The hound bites you but does no damage.
Aim: a hound (lightly wounded)
You feel a surge of power!
You freeze the hound. The hound bites you.
* * * LOW HITPOINT WARNING * * *
Aim: a hound (heavily wounded)
You feel a surge of power!
You freeze the hound. The hound misses you. The hound barely misses you.
Aim: a hound (almost dead)
You feel a surge of power!
You freeze the hound.
You kill the hound!
The centaur shouts!
You hear a shout!
The centaur shoots an arrow.
The arrow misses you. The hound misses you. The hound barely misses you.
The centaur shoots an arrow.
The arrow hits you.
* * * LOW HITPOINT WARNING * * *
You hear a shout!
You see here an arrow.
There is an open door here.
You see here an arrow.
The hound bites you.
* * * LOW HITPOINT WARNING * * *
The centaur shoots an arrow.
The arrow hits you.
* * * LOW HITPOINT WARNING * * *
There is a stone staircase leading up here.
You see here 2 arrows.
The hound closely misses you.
The centaur shoots an arrow.
The arrow completely misses you. The hound bites you.
* * * LOW HITPOINT WARNING * * *
You climb upwards.
There is a stone staircase leading down here.
Unknown command.
Unknown command.
Aim: a hound You feel a surge of power!
You freeze the hound. The hound barely misses you.
Aim: a hound (moderately wounded)
You feel a surge of power!
You freeze the hound. The hound misses you. x2
Aim: a hound (almost dead)
You feel a surge of power!
You freeze the hound.
You kill the hound!
You climb downwards.
You hear the roar of battle.
There is an entrance to a bailey on this level.
Hurry and find it before the The centaur shoots an arrow.
The arrow hits you.
* * * LOW HITPOINT WARNING * * *
The centaur shoots an arrow.
The arrow misses you.
There is a stone staircase leading up here.
You see here 4 arrows.
The centaur shoots an arrow.
The arrow misses you.
The centaur shoots an arrow.
The arrow hits you!
You die...
Your body glows slightly and disappears.

######'#....# ###.###.........
.............# #..##.#.###...
.............######.##.#.# #...
..........(####........#.# #...
##.....c......#...(...(#.###T..
..............#.............hh.
...............(........####h..
.o.########(#...........# #..h
.. #.(.@(...(.#.## #..h
###........#.... #.h.
#.........####.#...
......(..............
...#.###.............. ...##..
#....≈..;...... ..# #..
.....≈..≈≈≈.≈≈. .#
#........≈≈≈≈≈≈≈≈≈≈ .# #...
≈≈≈..≈≈≈


You could see a centaur.

Vanquished Creatures
  A troll (D:7)
  Prince Ribbit (D:5)
  Sigmund (D:5)
  Menkaure (D:6)
  Duvessa (D:6)
  5 ice beasts
  A sky beast (D:6)
  An ogre (D:8)
  A wolf (D:7)
  A centaur (D:7)
  3 bullfrogs (D:6)
  A big kobold (D:5)
  A wyvern zombie (D:6)
  Dowan (D:6)
  A scorpion (D:8)
  A howler monkey (D:6)
  4 crimson imps
  2 jellies
  A quasit (D:8)
  An orc priest (D:6)
  5 hounds
  5 orc wizards
  An iguana (D:6)
  5 worker ants
  A killer bee zombie (D:8)
  A hound skeleton (D:8)
  4 gnolls (D:6)
  16 adders
  4 shadow imps
  3 oozes (D:3)
  2 adder skeletons (D:4)
  2 worms
  5 dart slugs
  4 leopard geckos
  23 orcs
  3 ball pythons
  8 giant cockroaches
  10 goblins
  9 hobgoblins
  4 jackals (D:6)
  3 quokkas
  5 bats
  6 frilled lizards
  A jackal skeleton (D:4)
  13 kobolds
  3 quokka skeletons (D:4)
  10 rats
  4 bushes (D:5)
  3 plants (D:5)
193 creatures vanquished.

Vanquished Creatures (others)
  A plant (D:5)
1 creature vanquished.

Grand Total: 194 creatures vanquished

Notes
Turn   | Place    | Note
-------+----------+-------------------------------------------
     0 | D:1      | MalarOregon the Merfolk Ice Elementalist began the quest
                  | for the Orb.
     0 | D:1      | Reached XP level 1. HP: 13/13 MP: 3/3
   512 | D:1      | Reached XP level 2. HP: 14/20 MP: 0/5
  1135 | D:1      | Learned a level 2 spell: Throw Frost
  1191 | D:2      | Reached skill level 1 in Fighting
  1273 | D:2      | Reached skill level 1 in Conjurations
  1273 | D:2      | Reached XP level 3. HP: 21/26 MP: 1/6
  1481 | D:2      | Learned a level 3 spell: Ozocubu's Armour
  1762 | D:2      | Reached skill level 1 in Armour
  2015 | D:2      | Reached XP level 4. HP: 32/32 MP: 2/7
  2420 | D:2      | Reached skill level 1 in Charms
  3910 | D:3      | Reached skill level 4 in Ice Magic
  4020 | D:3      | Reached XP level 5. HP: 38/38 MP: 9/9
  4362 | D:3      | Found a glowing silver altar of Zin.
  4683 | D:3      | Found a sparkling altar of Nemelex Xobeh.
  4687 | D:3      | Became a worshipper of Nemelex Xobeh the Trickster
  5242 | D:4      | Received a gift from Nemelex Xobeh
  5325 | D:4      | Reached XP level 6. HP: 40/45 MP: 0/10
  5547 | D:4      | Reached skill level 1 in Invocations
  5812 | D:4      | Found a staircase to the Ecumenical Temple.
  5923 | Temple   | Entered the Ecumenical Temple
  6292 | D:5      | Entered Level 5 of the Dungeon
  6350 | D:5      | Noticed Prince Ribbit
  6366 | D:5      | Killed Prince Ribbit
  6366 | D:5      | Reached XP level 7. HP: 27/52 MP: 11/12
  6584 | D:5      | Noticed Sigmund
  6602 | D:5      | Killed Sigmund
  6602 | D:5      | Reached skill level 5 in Ice Magic
  6912 | D:5      | Reached * piety under Nemelex Xobeh
  6926 | D:5      | Reached skill level 1 in Polearms
  6937 | D:5      | Reached XP level 8. HP: 50/60 MP: 10/13
  7452 | D:6      | Noticed Menkaure
  7478 | D:6      | Killed Menkaure
  7817 | D:6      | Learned a level 4 spell: Summon Ice Beast
  7822 | D:6      | Learned a level 4 spell: Throw Icicle
  7901 | D:6      | Noticed Dowan
  7902 | D:6      | Noticed Duvessa
  8182 | D:6      | Killed Duvessa
  8237 | D:6      | Killed Dowan
  8237 | D:6      | Reached skill level 1 in Summonings
  8393 | D:6      | Got a jewelled scale mail
  8415 | D:6      | Identified the +6 scale mail "Raboba" {Dex+6 Stlth-} (You
                  | found it on level 6 of the Dungeon)
  8512 | D:6      | Reached XP level 9. HP: 40/66 MP: 14/15
  8669 | D:6      | Received a gift from Nemelex Xobeh
  8696 | D:6      | Found a transporter.
  8706 | D:6      | Found a transporter.
  8718 | D:6      | Reached skill level 6 in Ice Magic
  9096 | D:6      | Reached skill level 1 in Evocations
  9274 | D:6      | Reached skill level 5 in Fighting
  9466 | D:7      | Found a sacrificial altar of Ru.
  9990 | D:7      | Reached ** piety under Nemelex Xobeh
 10380 | D:8      | Reached skill level 5 in Polearms
 10560 | D:8      | Noticed a troll
 10567 | D:8      | Found a staircase to the Lair.
 10590 | D:8      | HP: 3/68 [wolf (5)]
 10903 | D:8      | Noticed a troll
 10929 | D:7      | Killed a troll
 10929 | D:7      | Reached skill level 5 in Invocations
 10985 | D:8      | Shot with an arrow by a centaur

Vault maps used:
D:1:      wander_arrival_peaceful_grave
D:2:      minmay_diamond_boxcup, chequers_jeans, minmay_misc_feat_chi,
          minmay_misc_feat_x, minmay_tall_x
D:3:      overflow_temple_1_default, nemelex_dance_club_becter
D:4:      minmay_temple_entry_enclosed_plants, first_ration,
          minmay_manual_mandibuliform
D:5:      lexackson_kobold_supper, uniq_sigmund, uniq_prince_ribbit1
D:6:      gammafunk_cloud_chamber, uniq_menkaure, uniq_duvessa
D:7:      nicolae_ru_sacrificial_ziggurat
D:8:      erik_lair_island, enter_bailey_3, gup_ossuary_entry_pyramid
Temple:   grunt_wide_crystal_templ

Skill      XL: |  1  2  3  4  5  6  7  8  9 |
---------------+----------------------------+-----
Fighting       | 1 2 3 4 5 |  5.7
Conjurations   | 1 2 3 |  3.0
Armour         | 1 2 3 |  3.9
Charms         | 1 |  1.0
Ice Magic      | 4 5 6 |  6.0
Spellcasting   | 3 4 |  4.0
Invocations    | 1 2 3 5 |  5.1
Polearms       | 1 3 5 |  5.6
Summonings     | 1 3 |  3.5
Dodging        | 3 4 |  4.8
Evocations     | 2 |  2.8
Stealth        | |  2.1

Action                   |  1- 3 |  4- 6 |  7- 9 || total
-------------------------+-------+-------+-------++-------
Melee: Dagger            |    88 |   183 |       ||   271
       Scythe            |       |       |   459 ||   459
       Halberd           |       |       |   126 ||   126
       Staff             |       |       |     7 ||     7
 Cast: Freeze            |    31 |    89 |   144 ||   264
       Throw Frost       |    15 |    43 |    22 ||    80
       Ozocubu's Armour  |       |       |     1 ||     1
       Throw Icicle      |       |       |     7 ||     7
Evoke: Wand              |       |       |     6 ||     6
  Use: Potion            |       |     2 |     6 ||     8
       Scroll            |       |     4 |    14 ||    18
 Stab: Sleeping          |     3 |     9 |       ||    12
  Eat: Chunk             |     5 |    13 |    17 ||    35
       Ration            |       |     1 |     1 ||     2
Armor: Robe              |    21 |    41 |    81 ||   143
       Leather armour    |       |       |    45 ||    45
       Scale mail        |       |       |    98 ||    98
       Skin              |       |       |    46 ||    46
Dodge: Dodged            |    71 |   142 |   387 ||   600

Table legend:
 A = Non-vault XP
 B = Vault XP
 C = Vault XP percentage of total XP
 D = Non-vault monster count
 E = Vault monster count
 F = Vault count percentage of total count
                 A         B        C        D         E       F
            +---------+---------+-------+---------+---------+-------
      Total |    2854 |    1678 |  37.0 |     146 |      40 |  21.5
            +---------+---------+-------+---------+---------+-------
        D:1 |      18 |       0 |   0.0 |      10 |       0 |   0.0
        D:2 |      98 |      25 |  20.3 |      25 |      13 |  34.2
        D:3 |     105 |      10 |   8.7 |      21 |       2 |   8.7
        D:4 |     147 |      33 |  18.3 |      16 |       6 |  27.3
        D:5 |     163 |     610 |  78.9 |      13 |      10 |  43.5
        D:6 |     851 |     798 |  48.4 |      28 |       6 |  17.6
        D:7 |    1056 |     159 |  13.1 |      20 |       2 |   9.1
        D:8 |     416 |      43 |   9.4 |      13 |       1 |   7.1
            +---------+---------+-------+---------+---------+-------
